 Dungeon Crawl Stone Soup version 0.29.1-15-g9cfb28693d (webtiles) character file.

Game seed: 8370921954068205434

37 growler the Insei (level 3, -1/26 HPs)
             Began as a Merfolk Transmuter on Mar 13, 2023.
             Succumbed to an adder's poison
             ... on level 2 of the Dungeon.
             The game lasted 00:02:27 (1377 turns).

growler the Insei (Merfolk Transmuter)              Turns: 1377, Time: 00:02:28

Health: -1/26      AC:  2    Str:  8 (10) XL:     3   Next: 41%
Magic:  4/6        EV: 12    Int: 12 (14) God:
Gold:   144        SH:  0    Dex: 13 (14) Spells: 0/6 levels left

rFire   . . .      SeeInvis .     - Unarmed
rCold   . . .      Faith    .   (no shield)
rNeg    . . .      Spirit   .   a - +0 robe
rPois   .          Reflect  .   (helmet currently unavailable)
rElec   .          Harm     .   (no cloak)
rCorr   .          Rampage  .   (no gloves)
Will    .....                   (boots currently unavailable)
Stlth   +.........              (no amulet)
HPRegen 0.08/turn               (no ring)
MPRegen 0.10/turn               (no ring)

@: lethally poisoned (-1 -> -11), appendages, very slightly contaminated
A: horns 2, (nimble swimmer 2), mertail
a: End Transformation


You were on level 2 of the Dungeon.
You had temporarily grown beastly horns.
You visited 1 branch of the dungeon, and saw 2 of its levels.

You collected 144 gold pieces.

Inventory:

Armour
 a - a +0 robe (worn)
Scrolls
 d - a scroll of teleportation {unknown}
 e - a scroll of vulnerability {unknown}
 f - a scroll of brand weapon {unknown}
Potions
 b - a potion of lignification


   Skills:
 - Level 1.3 Fighting
 - Level 2.8 Dodging
 + Level 3.7 Unarmed Combat
 + Level 2.4 Spellcasting
 + Level 3.5 Transmutations


You couldn't memorise any spells.
You knew the following spells:

 Your Spells              Type           Power      Damage    Failure   Level
a - Beastly Appendage     Tmut           20%        N/A       6%          1
b - Wereblood             Tmut           10%        N/A       9%          2
c - Spider Form           Tmut/Pois      5%         N/A       36%         3

Your spell library contained the following spells:

 Spells                   Type           Power      Damage    Failure   Level
 Necrotise                Necr           4%         1d4       26%         1
 Vampiric Draining        Necr           1%         2d6       61%         3
 Ice Form                 Ice/Tmut       5%         N/A       77%         4
 Agony                    Necr           1%         N/A       100%        5


Dungeon Overview and Level Annotations

Branches:
Dungeon (2/15)

Altars:


Innate Abilities, Weirdness & Mutations

You have temporarily grown beastly horns.
((You are very nimble when in or above water. (Stealth+, EV+, Speed+++)))
Your lower body shifts to a powerful aquatic tail in water.


Message History

You kill the frilled lizard!
Your horns disappear.
No target in view!
A bat comes into view.
A hobgoblin comes into view.
Found a scroll labelled WUEGHE LIUCROEFF and 12 gold pieces.
The hobgoblin shouts!
The hobgoblin moves out of view.
You closely miss the bat. The bat closely misses you. The bat misses you.
You closely miss the bat. The bat closely misses you.
The bat barely misses you.
An adder comes into view.
You hit the bat.
You kill the bat!
You hit the hobgoblin but do no damage. The hobgoblin hits you.
You barely miss the hobgoblin. The hobgoblin hits you.
You miscast Beastly Appendage.
You are very lightly contaminated with residual magic.
Nothing appears to happen.
The hobgoblin hits you but does no damage.
Casting: Beastly Appendage (safe; 5% risk of failure)
Confirm with . or Enter, or press ? or * to list all spells.
Okay, then.
You grow a pair of large bovine horns.
The adder bites you. The hobgoblin misses you.
You barely miss the adder. The adder closely misses you.
The hobgoblin closely misses you.
You closely miss the adder. The adder bites you. The hobgoblin hits you.
You hit the adder but do no damage. Your headbutt misses the adder.
Your punch misses the adder. The adder bites you.
You are poisoned.
The adder poisons you! The adder bites you.
* * * LOW HITPOINT WARNING * * *
You are lethally poisoned!
The adder poisons you! The hobgoblin hits you.
* * * LOW HITPOINT WARNING * * *
It was a potion of degeneration.
There was something very wrong with that liquid.
You feel weakened.
You feel dopey.
You feel clumsy.
You die...

....................
......................
....#...#.#.#.......#
....#...#.#.#.......##..
......................
?......#.#.##.#...####.
#...................
##..#..........#...#####
.......@#.#.####........
##..##Sg#.#.####..##.##.
. ..$...........#<.#
..##..#.#.#####.#..##.
#. #..#...............
.. .........###....... .
...................
##..# .#.#####...#.
....#.


You could see an adder and a hobgoblin.

Vanquished Creatures
  3 dart slugs (D:1)
  An endoplasm (D:1)
  3 giant cockroaches (D:1)
  4 goblins (D:1)
  3 hobgoblins (D:1)
  4 kobolds (D:1)
  2 quokkas (D:1)
  A ball python (D:2)
  2 bats
  2 frilled lizards
  5 rats (D:1)
30 creatures vanquished.

Notes
Turn   | Place    | Note
-------+----------+-------------------------------------------
     0 | D:1      | growler the Merfolk Transmuter began the quest for the Orb.
     0 | D:1      | Reached XP level 1. HP: 15/15 MP: 3/3
    86 | D:1      | Found a faded altar of an unknown god.
   138 | D:1      | Reached XP level 2. HP: 15/21 MP: 3/5
   526 | D:1      | Reached XP level 3. HP: 11/26 MP: 4/6
   815 | D:1      | Learned a level 2 spell: Wereblood
   819 | D:1      | Learned a level 3 spell: Spider Form
  1377 | D:2      | Succumbed to an adder's poison

Illustrated notes

Levels and vault maps discovered:
D:1:      kennysheep_arrival_seaside, layout_rooms,
          hellmonk_ecumenical_altar_pennies_from_heaven
D:2:      layout_basic

Skill      XL: |  1  2 |
---------------+-------+-----
Transmutations | 3 |  3.5
Fighting       | |  1.3
Dodging        | |  2.8
Unarmed Combat | |  3.7
Spellcasting   | |  2.4

Action                   || total
-------------------------++-------
Melee: Unarmed           ||    83
       Headbutt          ||     8
       Punch             ||     4
 Cast: Beastly Appendage ||    10
  Use: Potion            ||     1
Armor: Robe              ||     8
Dodge: Dodged            ||    34
